 Dungeon Crawl Stone Soup version 0.31-a0-472-g43a2ca8e1b (webtiles) character file.

Game seed: 5420338645592287948

85 Ethylacetat the Changeling (level 4, 0/43 HPs)
             Began as an Octopode Shapeshifter on Aug 5, 2023.
             Slain by Grinder (8 damage)
             ... on level 3 of the Dungeon.
             The game lasted 00:02:41 (1844 turns).

Ethylacetat the Changeling (Octopode Shapeshifter)  Turns: 1844, Time: 00:02:41

Health: 0/43       AC: 22    Str: 14    XL:     4   Next: 48%
Magic:  4/4        EV:  2    Int: 10    God:
Gold:   172        SH:  0    Dex: 14    Spells: 3/3 levels left

rFire   . . .        f - +4 dagger
rCold   . . .        j - orb {light}
rNeg    . . .        (helmet currently unavailable)
rPois   +            (no amulet)
rElec   .            (no ring)
rCorr   .            (no ring)
SInv    .            (no ring)
Will    .....        (no ring)
Stlth   +            (no ring)
HPRegen 0.27/turn    (no ring)
MPRegen 0.09/turn    (no ring)
                     (no ring)

%: no passive effects
@: tree-form, hasted, glowing, very quick
A: stationary, stasis, torment immunity, boosted hp, almost no armour,
(amphibious), 8 rings, (camouflage 1), (gelatinous body 1), (nimble swimmer 1),
(tentacles)
a: no special abilities


You were on level 3 of the Dungeon.
You were a tree.
You visited 1 branch of the dungeon, and saw 3 of its levels.

You collected 172 gold pieces.

Inventory:

Hand Weapons
 f - a +4 dagger (weapon)
Armour
 j - an orb of light (worn)
Talismans
 b - a beast talisman
Scrolls
 c - a scroll of poison {unknown}
 i - 3 scrolls of identify {unknown}
 l - a scroll of enchant weapon {unknown}
Potions
 e - a potion of ambrosia {unknown}
 g - a potion of cancellation {unknown}
 h - a potion of invisibility {unknown}
 k - 2 potions of curing {unknown}


   Skills:
 + Level 2.2 Fighting
 - Level 2.0 Dodging
 + Level 3.6 Unarmed Combat
 * Level 3.8 Shapeshifting


You had 3 spell levels left.
You didn't know any spells.
Your spell library contained the following spells:

 Spells                   Type           Power      Damage    Failure   Level
 Ozocubu's Armour         Ice            0%         N/A       75%         3
 Summon Guardian Golem    Hex/Summ       0%         N/A       75%         3
 Metabolic Englaciation   Hex/Ice        0%         N/A       100%        5
 Simulacrum               Ice/Necr       0%         N/A       100%        6
 Orb of Destruction       Conj           0%         9d5       100%        7
 Spellforged Servitor     Conj/Summ      0%         N/A       100%        7


Dungeon Overview and Level Annotations

Branches:
Dungeon (3/15)

Altars:
Wu Jian
Zin

Annotations:
D:3 Grinder


Innate Abilities, Weirdness & Mutations

You are a tree.
Your roots penetrate the ground, keeping you stationary.
You cannot be teleported.
You are immune to unholy pain and torment.
Your maximum health is greatly increased.
You cannot wear most types of armour.
((You are amphibious.))
You can wear up to eight rings at the same time.
((Your skin changes colour to match your surroundings (Stealth+).))
((Your rubbery body absorbs attacks. (AC +1, EV +1)))
((You are camouflaged when in or above water. (Stealth+)))
((You have tentacles for arms and can constrict up to eight enemies at once.))


Message History

No target in view!
No target in view!
Grinder comes into view.
Found a copper wand.
Grinder barely misses you.
You hit Grinder. You grab Grinder.
Grinder is lightly wounded.
You constrict Grinder.
Grinder blinks free!
Grinder gestures at you. Pain shoots through your body!
Okay, then.
Grinder gestures at you. Pain shoots through your body!
* * * LOW HITPOINT WARNING * * *
Unknown command.
Really quaff the potion of lignification?
Your transformation has ended.
You turn into a tree.
Your roots penetrate the ground.
Grinder gestures at you.
You suddenly lose the ability to move!
Grinder blinks!
You can move again.
It was a potion of haste.
You feel yourself speed up.
You hit Grinder.
Grinder is moderately wounded.
You hit Grinder.
Grinder is moderately wounded.
Grinder hits you but does no damage.
You hit Grinder.
Grinder is moderately wounded.
Grinder barely misses you.
You completely miss Grinder.
Grinder is moderately wounded.
You barely miss Grinder.
Grinder is moderately wounded.
Grinder hits you but does no damage.
You hit Grinder.
Grinder is moderately wounded.
Grinder hits you!
You die...

#.# #.# #.# #.# #
#.# #.# # #.###.#
## # #.. ./# . #
#.# #.# .# # #.#
#.###.##.# # #.#
#........# ###.#
#.####♣#.#
.##.#######.# #5# #
.##.##......# #.#
.##.##.###### #..
.##.##.# #..
.##.##.#########..#
.##...............#
.#####.#########.##
.#####.####...


You could see Grinder.

Vanquished Creatures
  A gnoll (D:1)
  3 adders
  A worm (D:2)
  A dart slug (D:2)
  A ball python (D:2)
  4 endoplasms
  4 giant cockroaches
  5 goblins
  3 hobgoblins
  3 jackals (D:2)
  2 quokkas
  A bat (D:2)
  4 frilled lizards
  3 kobolds
  7 rats
43 creatures vanquished.

Notes
Turn   | Place    | Note
-------+----------+-------------------------------------------
     0 | D:1      | Ethylacetat the Octopode Shapeshifter began the quest for
                  | the Orb.
     0 | D:1      | Reached XP level 1. HP: 13/13 MP: 1/1
   172 | D:1      | Reached XP level 2. HP: 14/18 MP: 2/2
   723 | D:2      | Reached XP level 3. HP: 24/24 MP: 3/3
  1069 | D:2      | Reached XP level 4. HP: 28/29 MP: 4/4
  1466 | D:3      | Found a glowing silver altar of Zin.
  1770 | D:3      | Found an ornate altar of the Wu Jian Council.
  1828 | D:3      | Noticed Grinder
  1833 | D:3      | Paralysed by Grinder for 5 turns
  1844 | D:3      | Slain by Grinder

Illustrated notes

Levels and vault maps discovered:
D:1:      dpeg_arrival_shrine, layout_loops_ring, serial_glass, glass_columns_a,
          glass_columns_a, glass_columns_c, glass_columns_c, glass_columns_b,
          glass_columns_c, amcnicky_mini_rare_corridor_liquid
D:2:      layout_loops_cross, minmay_misc_feat_tower
D:3:      layout_loops_ring, general_overflow_altar,
          mainiacjoe_overflow_alcove_1, grunt_ministairs_15, uniq_sigmund,
          uniq_grinder

Skill      XL: |  1  2  3 |
---------------+----------+-----
Fighting       | 2 |  2.2
Dodging        | |  2.0
Unarmed Combat | |  3.6
Shapeshifting  | |  3.8

Action                     |  1- 3 |  4- 6 || total
---------------------------+-------+-------++-------
  Melee: Unarmed           |    15 |       ||    15
         Constrict         |    12 |     4 ||    16
         Tentacles         |    10 |     2 ||    12
         Dagger            |    33 |    22 ||    55
         Punch             |     1 |       ||     1
    Use: Potion            |       |     2 ||     2
   Stab: Sleeping          |     3 |     2 ||     5
 Armour: Skin              |     2 |     2 ||     4
  Dodge: Dodged            |    15 |     8 ||    23

Table legend: (Time is in decaauts)
 A = Elapsed time spent in this place.
 B = Non-inter-level travel time spent in this place.
 C = Inter-level travel time spent in this place.
 D = Time resting spent in this place.
 E = Time spent auto-exploring this place.
 F = Levels seen in this place.
 G = Mean time per level.
                   A        B        C        D        E       F      G
               +--------+--------+--------+--------+--------+-----+--------+
         Total |   1840 |   1776 |     64 |      0 |   1516 |   3 |  613.3 |
       Dungeon |   1840 |   1776 |     64 |      0 |   1516 |   3 |  613.3 |
               +--------+--------+--------+--------+--------+-----+--------+

Top non-repeatable levels by time:
     D:2: 717 daAuts
     D:1: 669 daAuts
     D:3: 453 daAuts
